 Dungeon Crawl Stone Soup version 0.29.1-15-g9cfb28693d (webtiles) character file.

Game seed: 8062656428487334738

2457 kingofthe the Jinx (level 9, 0/45 HPs)
             Began as a Deep Elf Conjurer on Mar 11, 2023.
             Was a Believer of Sif Muna.
             Shot with a sling bullet by Joseph (14 damage)
             ... on level 7 of the Dungeon.
             The game lasted 00:26:48 (8407 turns).

kingofthe the Jinx (Deep Elf Conjurer)              Turns: 8407, Time: 00:26:48

Health: 0/45       AC:  7    Str:  4    XL:     9   Next: 26%
Magic:  9/31       EV: 14    Int: 26    God:    Sif Muna [**....]
Gold:   495        SH:  0    Dex: 15    Spells: 12/23 levels left

rFire   . . .      SeeInvis +   B - +2 trident (flame)
rCold   . . .      Faith    .   (no shield)
rNeg    . . .      Spirit   .   a - +0 robe
rPois   .          Reflect  .   z - +2 helmet {SInv}
rElec   .          Harm     .   k - +0 cloak
rCorr   .          Rampage  .   f - +0 pair of gloves
Will    +....                   (no boots)
Stlth   +++.......              (no amulet)
HPRegen 0.15/turn               r - ring "Ostuhoh" {+Blink Will+}
MPRegen 0.22/turn               M - ring of magical power

@: no status effects
A: no striking features
a: Renounce Religion, Evoke Blink, Channel Magic


You were on level 7 of the Dungeon.
You worshipped Sif Muna.
Sif Muna was pleased with you.
You visited 2 branches of the dungeon, and saw 9 of its levels.
You also visited: Ossuary.

You collected 495 gold pieces.


   Skills:
 * Level 5.2 Dodging
 + Level 4.2 Stealth
 + Level 7.5 Spellcasting
 * Level 7.8 Conjurations
 + Level 8.5 Hexes
 * Level 3.0 Translocations
 * Level 3.2 Invocations
 + Level 2.4 Evocations


You had 12 spell levels left.
You knew the following spells:

 Your Spells              Type           Power      Damage    Failure   Level
a - Magic Dart            Conj           100%       1d8       1%          1
b - Searing Ray           Conj           100%       2d8       1%          2
c - Iskenderun's Mystic   Conj/Tloc      38%        2d9       6%          4
d - Fulminant Prism       Conj/Hex       25%        3d14      1%          4

Your spell library contained the following spells:

 Spells                   Type           Power      Damage    Failure   Level
 Ensorcelled Hibernation  Hex/Ice        64%        N/A       1%          2
 Dazzling Flash           Conj/Hex       100%       N/A       1%          3
 Gell's Gravitas          Tloc           25%        N/A       4%          3
 Teleport Other           Tloc           25%        N/A       4%          3
 Passwall                 Tmut/Erth      7%         N/A       9%          2
 Swiftness                Air            9%         N/A       19%         3
 Silence                  Hex/Air        16%        N/A       28%         5
 Agony                    Necr           9%         N/A       86%         5
 Dispersal                Tloc           12%        N/A       95%         6

Inventory:

Hand Weapons
 B - a +2 trident of flaming (weapon)
 H - a +2 long sword of freezing
Armour
 a - a +0 robe (worn)
 f - a +0 pair of gloves (worn)
 k - a +0 cloak (worn)
 t - a +0 leather armour of fire resistance
 z - a +2 helmet of see invisible (worn)
 A - an orb of energy
Jewellery
 c - a ring of protection from cold
 r - the ring "Ostuhoh" (left hand) {+Blink Will+}
   (You found it on level 4 of the Dungeon)

   [ring of willpower]

   +Blink:    It lets you blink.
   Will:      It increases your willpower.
 F - a ring of protection from fire
 M - a ring of magical power (right hand)
 Y - a +4 ring of slaying
 Z - a ring of wizardry
Wands
 d - a wand of roots (7)
Scrolls
 e - 5 scrolls of teleportation {@r2}
 g - a scroll of poison {unknown}
 i - 2 scrolls of enchant armour
 l - a scroll of fog
 m - 3 scrolls of magic mapping
 q - a scroll of silence {!r}
 u - a scroll of vulnerability
 x - a scroll of summoning {unknown}
 y - a scroll of noise {unknown}
 G - a scroll of blinking {unknown}
Potions
 b - a potion of magic
 h - a potion of berserk rage {unknown}
 j - 2 potions of curing {unknown}
 n - 2 potions of brilliance {unknown}
 o - 4 potions of degeneration
 p - 2 potions of flight {unknown}
 s - 3 potions of ambrosia {unknown}
 v - a potion of cancellation {unknown}
 w - 4 potions of attraction
 C - 4 potions of might
 D - 2 potions of lignification
 E - a potion of haste {unknown}
 I - a potion of heal wounds {unknown}

Dungeon Overview and Level Annotations

Branches:
Dungeon (8/15)             Temple (1/1) D:4         Ossuary (visited)
   Lair: D:8-11

Altars:
Cheibriados
Dithmenos
Elyvilon
Gozag
Hepliaklqana
Kikubaaqudgha
Makhleb
Nemelex Xobeh
Okawaru
Ru
Sif Muna
Trog
Uskayaw
Vehumet
Wu Jian
Xom
Yredelemnul
Zin
The Shining One

Annotations:
D:6 3 runed translucent doors, croobank's ghost, weakling OpDe
D:7 Joseph
Temple 2 transporters

#.# ##.##
##...........##
####.#####..##
##.######.##.###
#.......####.###.##
###.##.# # #.#####.#
##....# #...##.### #.#
#.#
##[#.#####.#.##.##.
#.#####.#
##()#...........##.
#.#...#.#
#..[.#####.#######.
#.#...#.# #.#..# #.#
## #.......# #.@..##
#.# #.......# ##)#..##
#.# #.......#
##.#)#.###.# ###....##
#...###....# #<...#
#)✱## ##.#.#
##.#.######>..###....#
##.#....@)@..#.#[#####
#...............##
##.#########.##.##


You could see Joseph (ally target) and a friendly fulminant prism.


Message History

You conjure a prism of explosive energy!
A fulminant prism comes into view.
Joseph shoots a sling bullet.
The sling bullet hits your fulminant prism!!
Your fulminant prism detonates feebly.
Joseph shoots a sling bullet.
The sling bullet hits you!
* * * LOW HITPOINT WARNING * * *
Casting: Fulminant Prism (dangerous; 1% risk of failure)
Confirm with . or Enter, or press ? or * to list all spells.
Aiming: Fulminant Prism (dangerous; 1% risk of failure)
Press: ? - help, Dir - move target You conjure a prism of explosive energy!
A fulminant prism comes into view.
Joseph says, "You will never get the ORB, sorry."
Joseph unwields a +0 sling.
Joseph wields a +0 quarterstaff.
Joseph hits your fulminant prism with a +0 quarterstaff.
Joseph unwields a +0 quarterstaff.
Joseph wields a +0 sling.
Joseph shoots a sling bullet.
The sling bullet hits your fulminant prism!!
Your fulminant prism detonates feebly.
You see here a +0 dagger.
Casting: Fulminant Prism (dangerous; 1% risk of failure)
Confirm with . or Enter, or press ? or * to list all spells.
Aiming: Fulminant Prism (dangerous; 1% risk of failure)
Press: ? - help, Dir - move target You conjure a prism of explosive energy!
A fulminant prism comes into view.
Joseph shoots a sling bullet.
The sling bullet closely misses you.
Joseph shoots a sling bullet.
The sling bullet hits you!
You die...

Skill      XL: |  1  2  3  4  5  6  7  8  9 |
---------------+----------------------------+-----
Dodging        | 3 4 5 |  5.2
Stealth        | 3 4 |  4.2
Spellcasting   | 4 5 6 7 |  7.5
Hexes          | 2 4 5 7 8 |  8.5
Conjurations   | 5 6 7 |  7.8
Invocations    | 2 3 |  3.2
Translocations | 2 3 |  3.0
Evocations     | 2 |  2.4

Action                   |  1- 3 |  4- 6 |  7- 9 || total
-------------------------+-------+-------+-------++-------
Melee: Trident           |       |       |     1 ||     1
 Cast: Magic Dart        |    51 |    63 |    92 ||   206
       Searing Ray       |    12 |    22 |    53 ||    87
       Fulminant Prism   |       |     2 |    29 ||    31
       Iskenderun's Myst |       |       |     2 ||     2
Invok: Channel Magic     |       |       |     1 ||     1
  Use: Scroll            |       |       |    12 ||    12
Armor: Robe              |       |     1 |    23 ||    24
Dodge: Dodged            |     1 |     9 |    46 ||    56

Levels and vault maps discovered:
D:1:      nagdon_arrival_double_spiral, layout_loops_ring, minmay_tiny_reverse_x
D:2:      layout_rooms, serial_bayou, serial_bayou_lagoon_a,
          serial_bayou_pond_d, serial_bayou_pond_d, serial_bayou_lagoon_b,
          hellmonk_ecumenical_altar_leap_of_faith, kennysheep_boxes
D:3:      layout_basic, grunt_temple_overflow_open
D:4:      layout_rooms, temple_hall
D:5:      layout_gridville
D:6:      layout_gridville, enter_ossuary_1, biasface_ghost_orc_armoury
D:7:      layout_loops_ring, minmay_mini_ossuary, uniq_joseph
D:8:      layout_rooms, ashenzari_conservatory_becter, dancing_weapons_uskayaw
Temple:   hellmonk_temple_divided_pantheon

Notes
Turn   | Place    | Note
-------+----------+-------------------------------------------
     0 | D:1      | kingofthe the Deep Elf Conjurer began the quest for the
                  | Orb.
     0 | D:1      | Reached XP level 1. HP: 10/10 MP: 6/6
   306 | D:1      | Reached XP level 2. HP: 15/15 MP: 6/8
   309 | D:1      | Learned a level 2 spell: Searing Ray
   514 | D:1      | Reached skill level 3 in Dodging
  1092 | D:2      | Reached XP level 3. HP: 19/19 MP: 2/10
  1505 | D:2      | Reached skill level 3 in Stealth
  1632 | D:2      | Reached skill level 4 in Spellcasting
  1656 | D:2      | Reached XP level 4. HP: 24/24 MP: 4/12
  1721 | D:2      | Learned a level 4 spell: Fulminant Prism
  1982 | D:2      | Found a faded altar of an unknown god.
  2128 | D:3      | Reached skill level 1 in Hexes
  2252 | D:3      | Reached skill level 5 in Conjurations
  2773 | D:3      | Found a basalt altar of Yredelemnul.
  2787 | D:3      | Reached skill level 2 in Hexes
  2831 | D:3      | Found a sacrificial altar of Ru.
  2921 | D:3      | You fall into a shaft and drop 1 floor!
  3264 | D:4      | Reached XP level 5. HP: 28/28 MP: 13/13
  3293 | D:4      | Identified the ring "Ostuhoh" {+Blink Will+}
  3349 | D:4      | Reached skill level 3 in Hexes
  3426 | D:4      | Reached skill level 5 in Spellcasting
  3426 | D:4      | Reached skill level 4 in Hexes
  3505 | D:4      | Reached XP level 6. HP: 32/32 MP: 15/15
  3759 | D:4      | Found a staircase to the Ecumenical Temple.
  3768 | Temple   | Entered the Ecumenical Temple
  3768 | Temple   | Found a transporter.
  3768 | Temple   | Found a transporter.
  3770 | Temple   | Found a transporter.
  3770 | Temple   | Found a transporter.
  3789 | Temple   | Became a worshipper of Sif Muna the Loreminder
  3859 | D:5      | Entered Level 5 of the Dungeon
  3893 | D:5      | Noticed an ice beast
  4197 | D:5      | Reached skill level 5 in Hexes
  4450 | D:5      | Killed an ice beast
  4451 | D:5      | Reached skill level 6 in Conjurations
  4451 | D:5      | Reached XP level 7. HP: 36/36 MP: 17/17
  4466 | D:5      | Reached skill level 6 in Hexes
  4688 | D:6      | Reached skill level 6 in Spellcasting
  4799 | D:6      | Found a sand-covered staircase.
  4807 | D:6      | Reached skill level 7 in Hexes
  4919 | Ossuary  | Entered an ossuary
  5001 | Ossuary  | Reached * piety under Sif Muna
  5024 | Ossuary  | Reached XP level 8. HP: 41/41 MP: 20/20
  5299 | Ossuary  | Reached skill level 7 in Spellcasting
  5299 | Ossuary  | Reached skill level 8 in Hexes
  5601 | Ossuary  | Reached skill level 7 in Conjurations
  5743 | D:6      | Learned a level 4 spell: Iskenderun's Mystic Blast
  5754 | D:6      | Found a runed translucent gate.
  5755 | D:6      | Found a runed translucent gate.
  5756 | D:6      | Found a runed translucent gate.
  5762 | D:6      | Noticed croobank's ghost (weakling OpDe)
  5909 | D:6      | Reached ** piety under Sif Muna
  5987 | D:6      | Reached skill level 1 in Invocations
  6266 | D:7      | Reached skill level 4 in Dodging
  6268 | D:7      | Reached skill level 1 in Translocations
  6310 | D:7      | Reached skill level 1 in Evocations
  6368 | D:7      | Noticed Joseph
  6686 | D:7      | Reached skill level 2 in Invocations
  6697 | D:7      | Reached skill level 2 in Translocations
  6811 | D:7      | HP: 1/41 [Joseph/sling bullet (12)]
  7230 | D:7      | Reached skill level 4 in Stealth
  7233 | D:7      | Reached skill level 2 in Evocations
  7233 | D:7      | Reached XP level 9. HP: 7/45 MP: 19/22
  7711 | D:7      | Reached skill level 5 in Dodging
  8106 | D:7      | Reached skill level 3 in Invocations
  8265 | D:8      | Found a hide-covered altar of Uskayaw.
  8296 | D:8      | Reached skill level 3 in Translocations
  8407 | D:7      | Shot with a sling bullet by Joseph

Vanquished Creatures
  A steam dragon (D:7)
  An acid dragon (D:7)
  A water moccasin (D:7)
  4 sky beasts
  4 ice beasts
  4 scorpions
  2 wights (D:7)
  3 howler monkeys (D:8)
  3 centaur zombies (Ossuary)
  A gnoll bouda (D:7)
  2 human zombies (Ossuary)
  3 orc priests (D:7)
  4 hounds
  3 jellies
  2 iguanas
  2 hound zombies (Ossuary)
  4 mummies
  10 adders
  8 gnolls
  An ufetubus (D:5)
  An adder zombie (Ossuary)
  2 worms
  A dart slug (D:2)
  24 orcs
  7 ball pythons
  7 endoplasms
  6 giant cockroaches
  3 goblins (D:1)
  5 hobgoblins
  4 quokkas
  5 bats
  4 frilled lizards
  3 gnoll zombies (Ossuary)
  3 goblin zombies (Ossuary)
  2 hobgoblin zombies
  5 jackal zombies (Ossuary)
  11 kobolds
  4 kobold zombies
  4 orc zombies
  2 quokka zombies (Ossuary)
  4 rats
  8 rat zombies (Ossuary)
178 creatures vanquished.

Vanquished Creatures (others)
  30 fulminant prisms
  40 plants (D:2)
  7 toadstools (D:1)
77 creatures vanquished.

Grand Total: 255 creatures vanquished

Table legend: (Time is in decaauts)
 A = Elapsed time spent in this place.
 B = Non-inter-level travel time spent in this place.
 C = Inter-level travel time spent in this place.
 D = Time resting spent in this place.
 E = Time spent auto-exploring this place.
 F = Levels seen in this place.
 G = Mean time per level.
                   A        B        C        D        E       F      G
               +--------+--------+--------+--------+--------+-----+--------+
         Total |   8455 |   8158 |    297 |   1326 |   5542 |  10 |  845.5 |
       Dungeon |   7599 |   7317 |    282 |   1195 |   5074 |   8 |  949.9 |
        Temple |     38 |     23 |     15 |      0 |      6 |   1 |   38.0 |
       Ossuary |    816 |    816 |      0 |    131 |    462 |   1 |  816.0 |
               +--------+--------+--------+--------+--------+-----+--------+

Top non-repeatable levels by time:
     D:7: 1544 daAuts
     D:6: 1382 daAuts
     D:2: 1120 daAuts
     D:3: 1094 daAuts
     D:1: 1063 daAuts
 Ossuary: 816 daAuts
     D:5: 743 daAuts
     D:4: 618 daAuts
  Temple: 38 daAuts
     D:8: 32 daAuts

Table legend:
 A = Non-vault XP
 B = Vault XP
 C = Vault XP percentage of total XP
 D = Non-vault monster count
 E = Vault monster count
 F = Vault count percentage of total count
                 A         B        C        D         E       F
            +---------+---------+-------+---------+---------+-------
      Total |    3126 |     385 |  11.0 |     133 |      45 |  25.3
            +---------+---------+-------+---------+---------+-------
        D:1 |      30 |       4 |  11.8 |      18 |       2 |  10.0
        D:2 |      85 |       0 |   0.0 |      24 |       0 |   0.0
        D:3 |      73 |       0 |   0.0 |      13 |       0 |   0.0
        D:4 |     212 |       0 |   0.0 |      17 |       0 |   0.0
        D:5 |     493 |       0 |   0.0 |      11 |       0 |   0.0
        D:6 |     614 |       0 |   0.0 |      15 |       0 |   0.0
        D:7 |    1324 |      22 |   1.6 |      28 |       5 |  15.2
        D:8 |     295 |       0 |   0.0 |       7 |       0 |   0.0
    Ossuary |       0 |     359 | 100.0 |       0 |      38 | 100.0
            +---------+---------+-------+---------+---------+-------
